 Dungeon Crawl Stone Soup version bcrawl-1.19.2-6-g6a88ae04c9 (webtiles) character file.

Game seed: 1086544102070834261

2630 Freyura the Thaumaturge (level 9, -5/55 HPs)
             Began as a Skeleton Reaver on Jan 5, 2020.
             Was a Priest of Vehumet.
             Killed from afar by a gargoyle (21 damage)
             ... with a stone arrow
             ... on level 7 of the Dungeon on Jan 6, 2020.
             The game lasted 00:36:25 (6118 turns).

Freyura the Thaumaturge (Skeleton Reaver)           Turns: 6118, Time: 00:36:26

Health: -5/55      AC:  6    Str: 17    XL:     9   Next: 35%
Magic:  0/22       EV: 14    Int: 14    God:    Vehumet [***...]
Gold:   472        SH:  0    Dex: 10    Spells: 17/27 levels left

rFire    + . .     SeeInvis .   a - +1 flail
rCold    . . .     Gourm    .   (no shield)
rNeg     + + +     Faith    .   b - +0 steam dragon scales
rPois    ∞         Spirit   +   m - +0 helmet
rElec    .         Reflect  .   (no cloak)
rCorr    .         Harm     .   (no gloves)
MR       +....                  (no boots)
Stlth    +.........             e - amulet of the acrobat
HPRegen  0.18/turn              g - ring of wizardry
MPRegen  0.18/turn              j - ring of fire

@: no status effects
A: no food or potions, cold resistance 1, deterioration 1, negative energy
resistance 3, powered by death 1, torment resistance, unbreathing, magic shield,
sturdy frame 1, spell healing
a: Renounce Religion


You were on level 7 of the Dungeon.
You worshipped Vehumet.
Vehumet was most pleased with you.
You were not hungry.

You visited 1 branch of the dungeon, and saw 7 of its levels.

You collected 472 gold pieces.

Inventory:

Hand Weapons
 a - a +1 flail (weapon)
 o - the +12 short sword "Ushim" {freeze, rF+ rC+, unknown}
   (You found it on level 6 of the Dungeon)

   It has been specially enchanted to freeze those struck by it, causing extra
   injury to most foes and up to half again as much damage against particularly
   susceptible opponents.
   It can also slow down cold-blooded creatures.
   It protects you from fire.
   It protects you from cold.
Missiles
 s - a throwing net (quivered) {!f}
Armour
 b - +0 steam dragon scales (worn)
 m - a +0 helmet (worn)
 n - the +2 robe of the Tired Continents {rF++ Str-2 SInv, unknown}
   (You found it on level 6 of the Dungeon)

   It affects your strength (-2).
   It greatly protects you from fire.
   It lets you see invisible.
Jewellery
 e - an amulet of the acrobat (around neck)
 g - a ring of wizardry (left hand)
 j - a ring of fire (right hand)
Wands
 k - a wand of polymorph (30)
 r - a wand of acid (7)
Scrolls
 c - a scroll of immolation
 d - 7 scrolls of teleportation
 f - a scroll of fog
 h - 5 scrolls of remove curse
 i - 5 scrolls of identify
 l - 3 scrolls of magic mapping


   Skills:
 + Level 5.9 Fighting
 + Level 7.1 Maces & Flails
 + Level 5.8 Dodging
 * Level 9.9 Spellcasting
 * Level 6.7 Conjurations
 + Level 0.3 Evocations


You had 17 spell levels left.
You knew the following spells:

 Your Spells              Type           Power        Failure   Level  Hunger
a - Shock                 Conj/Air       ###..        1%          1    N/A
b - Iskenderun's Battles  Conj/Chrm      ###.....     8%          5    N/A
c - Flame Tongue          Conj/Fire      ###..        1%          1    N/A
d - Conjure Flame         Conj/Fire      ###.....     1%          3    N/A

Your spell library contained the following spells:

 Spells                   Type           Power        Failure   Level  Hunger
 Sticky Flame             Conj/Fire      ###.....     3%          4    N/A
 Sticks to Snakes         Tmut           #.......     6%          2    N/A
 Beastly Appendage        Tmut           Unusable     N/A         1    N/A
 Spider Form              Tmut/Pois      Unusable     N/A         3    N/A
 Ice Form                 Ice/Tmut       Unusable     N/A         4    N/A
 Blade Hands              Tmut           Unusable     N/A         5    N/A

Dungeon Overview and Level Annotations

Branches:
Dungeon (7/12)
 Temple: D:4-7         Lair: D:7-9

Altars:
Cheibriados
Elyvilon
Fedhas
Hepliaklqana
Trog
Uskayaw
Vehumet
Xom
The Shining One


Innate Abilities, Weirdness & Mutations

You do not eat or drink.
You are immune to poison.
Your flesh is cold resistant. (rC+)
Your body sometimes deteriorates upon taking damage.
You are immune to negative energy. (rN+++)
You regenerate a little health from kills.
You are immune to unholy pain and torment.
You can survive without breathing.
When hurt, damage is shared between your health and your magic reserves.
Your movements are slightly less encumbered by armour. (ER -2)
Casting spells heals you.


Message History

The zap hits the gargoyle.
The gargoyle appears unharmed.
The gargoyle is moderately damaged.
Casting: Shock (safe; 1% risk of failure)
Confirm with . or Enter, or press ? or * to list all spells.
You don't have enough magic to cast that spell.
You hit the gargoyle.
The gargoyle is moderately damaged.
The gargoyle closely misses you.
You hit the gargoyle but do no damage.
The gargoyle is moderately damaged.
The gargoyle misses you.
You hit the gargoyle but do no damage.
The gargoyle is moderately damaged.
The gargoyle hits you with a +0 mace.
* * * LOW HITPOINT WARNING * * *
You hit the gargoyle but do no damage.
The gargoyle is moderately damaged.
The gargoyle hurls a stone arrow at you.
The stone arrow hits you!
You die...

...##......†<#######
#.#..........##
##..............
#.......#.....###
##......##..)##
#..#>...###...
#..###..#...## #
#...##..#.## ###)#
#...##....# ##+@9##
#...##...###+.....+#
#...##...#8#.......#
#.#.##.............+
###.##.........8....#
#.............+#
#.#.#8#.......#
#.#.###+.....+# .....
##+.+##


You could see a gargoyle.

Vanquished Creatures
  Grinder (D:3)
  Sigmund (D:5)
  An orc warrior (D:6)
  An ice beast (D:6)
  2 black bears (D:6)
  A necrophage (D:7)
  A sky beast (D:5)
  An ogre (D:4)
  2 centaurs (D:5)
  2 big kobolds
  2 bullfrogs
  2 scorpions
  3 wights (D:4)
  A howler monkey (D:4)
  A quasit (D:5)
  2 crimson imps
  A bullfrog zombie (D:6)
  A centaur zombie (D:4)
  3 orc priests
  A bullfrog skeleton (D:5)
  A jelly (D:5)
  3 orc wizards
  Jessica (D:3)
  6 worker ants
  Ijyb (D:4)
  3 iguanas
  A worker ant zombie (D:5)
  Robin (D:3)
  11 adders
  2 oozes
  4 worms
  2 dart slugs
  6 leopard geckos
  19 orcs
  3 bats
  A giant cockroach (D:4)
  12 goblins
  15 hobgoblins
  12 jackals
  3 quokkas
  2 ball pythons
  A frilled lizard (D:3)
  10 kobolds
  A quokka skeleton (D:5)
  8 rats
  A bush (D:6)
160 creatures vanquished.

Notes
Turn   | Place    | Note
-------+----------+-------------------------------------------
     0 | D:1      | Freyura the Skeleton Reaver began the quest for the Orb.
     0 | D:1      | Reached XP level 1. HP: 14/14 MP: 4/4
   272 | D:1      | Reached XP level 2. HP: 11/19 MP: 6/6
   559 | D:1      | Reached XP level 3. HP: 23/23 MP: 8/8
   819 | D:2      | Reached * piety under Vehumet
   819 | D:2      | Offered knowledge of Shock by Vehumet.
   819 | D:2      | Reached skill level 4 in Spellcasting
   822 | D:2      | Learned a level 1 spell: Shock
  1270 | D:2      | Found a hide-covered altar of Uskayaw.
  1318 | D:2      | Reached XP level 4. HP: 28/28 MP: 5/10
  1503 | D:3      | Noticed Jessica
  1510 | D:3      | Killed Jessica
  1878 | D:3      | Noticed Grinder
  1906 | D:3      | Killed Grinder
  1906 | D:3      | Reached skill level 5 in Maces & Flails
  1906 | D:3      | Reached skill level 6 in Spellcasting
  1906 | D:3      | Reached XP level 5. HP: 23/33 MP: 1/13
  1906 | D:3      | Gained mutation: You regenerate a little health from kills.
                  | [Skeleton growth]
  1906 | D:3      | Reached XP level 6. HP: 27/38 MP: 1/15
  1913 | D:3      | Learned a level 5 spell: Iskenderun's Battlesphere
  2034 | D:3      | Noticed Robin
  2043 | D:3      | Killed Robin
  2109 | D:3      | Reached ** piety under Vehumet
  2195 | D:3      | Found a radiant altar of Vehumet.
  2231 | D:3      | Offered knowledge of Flame Tongue by Vehumet.
  2234 | D:3      | Learned a level 1 spell: Flame Tongue
  2904 | D:4      | Reached skill level 1 in Conjurations
  2915 | D:4      | Reached XP level 7. HP: 35/44 MP: 13/17
  2948 | D:4      | Noticed Ijyb
  2965 | D:4      | Killed Ijyb
  3071 | D:4      | Reached skill level 7 in Spellcasting
  3659 | D:4      | Found a hazy altar of Hepliaklqana.
  3696 | D:4      | Offered knowledge of Conjure Flame by Vehumet.
  3721 | D:4      | Reached XP level 8. HP: 48/48 MP: 12/19
  3726 | D:4      | Learned a level 3 spell: Conjure Flame
  3937 | D:5      | Entered Level 5 of the Dungeon
  4111 | D:5      | Reached skill level 5 in Fighting
  4111 | D:5      | Reached skill level 8 in Spellcasting
  4376 | D:5      | Found a shimmering altar of Xom.
  4386 | D:5      | Reached skill level 5 in Dodging
  4526 | D:5      | Reached *** piety under Vehumet
  4733 | D:5      | Found a blossoming altar of Fedhas.
  4736 | D:5      | Reached skill level 5 in Conjurations
  4752 | D:5      | Noticed Sigmund
  4762 | D:5      | Killed Sigmund
  4876 | D:5      | Found a shimmering blue altar of Sif Muna.
  4876 | D:5      | Found a bloodstained altar of Trog.
  4878 | D:5      | Found a snail-covered altar of Cheibriados.
  4878 | D:5      | Found a white marble altar of Elyvilon.
  4878 | D:5      | Found a glowing golden altar of the Shining One.
  4953 | D:6      | Reached skill level 9 in Spellcasting
  4989 | D:6      | Got a faintly humming robe
  5100 | D:6      | Offered knowledge of Sticky Flame by Vehumet.
  5100 | D:6      | Reached XP level 9. HP: 51/54 MP: 12/22
  5585 | D:6      | Got a polished short sword
  6099 | D:7      | Noticed a gargoyle
  6118 | D:7      | Killed from afar by a gargoyle

Skill      XL: |  1  2  3  4  5  6  7  8  9 |
---------------+----------------------------+-----
Maces & Flails | 4 5 6 7 |  7.1
Spellcasting   | 4 6 7 9 |  9.9
Fighting       | 4 5 |  5.9
Dodging        | 4 5 |  5.8
Conjurations   | 1 3 5 6 |  6.7
Evocations     | |  0.3

Action                   |  1- 3 |  4- 6 |  7- 9 || total
-------------------------+-------+-------+-------++-------
Melee: Flail             |   115 |    92 |   176 ||   383
 Cast: Shock             |    28 |   114 |   194 ||   336
       Flame Tongue      |       |    11 |    94 ||   105
  Use: Scroll            |       |     5 |     2 ||     7
Armor: Steam dragon scal |    40 |    27 |    74 ||   141
Dodge: Dodged            |   112 |    89 |   178 ||   379
